 Dungeon Crawl Stone Soup version 0.29.0-4-gdea44cf6ec (webtiles) character file.

Game seed: 4056129094601978815

22 qw the Chopper (level 2, -6/17 HPs)
             Began as a Tengu Warper on Aug 28, 2022.
             Mangled by Terence
             ... wielding a +0 flail
              (12 damage)
             ... on level 1 of the Dungeon.
             The game lasted 00:00:06 (928 turns).

qw the Chopper (Tengu Warper)                        Turns: 928, Time: 00:00:06

Health: -6/17      AC:  3    Str: 11    XL:     2   Next: 91%
Magic:  6/6        EV: 11    Int: 13    God:
Gold:   19         SH:  0    Dex: 13    Spells: 5/5 levels left

rFire   . . .      SeeInvis .   Y - +0 hand axe
rCold   . . .      Faith    .   (no shield)
rNeg    . . .      Spirit   .   b - +0 leather armour
rPois   .          Reflect  .   (helmet restricted)
rElec   .          Harm     .   (no cloak)
rCorr   .          Rampage  .   (no gloves)
Will    .....                   (boots unavailable)
Stlth   +.........              (no amulet)
HPRegen 0.05/turn               (no ring)
MPRegen 0.10/turn               (no ring)

@: no status effects
A: beak, talons 3
a: no special abilities


You were on level 1 of the Dungeon.
You visited 1 branch of the dungeon, and saw 2 of its levels.

You collected 19 gold pieces.


Innate Abilities, Weirdness & Mutations

You have a beak for a mouth.
You have claws for feet.


   Skills:
 - Level 2.0 Fighting
 + Level 3.6 Axes
 - Level 1.0 Throwing
 - Level 1.1 Armour
 - Level 2.1 Dodging
 - Level 2.0 Spellcasting
 - Level 2.4 Translocations


You had 5 spell levels left.
You didn't know any spells.
Your spell library contained the following spells:

 Spells                   Type           Power      Damage    Failure   Level
 Blink                    Tloc           14%        N/A       19%         2
 Gell's Gravitas          Tloc           7%         N/A       36%         3
 Lesser Beckoning         Tloc           7%         N/A       36%         3
 Teleport Other           Tloc           7%         N/A       36%         3
 Manifold Assault         Tloc           7%         N/A       98%         5

Inventory:

Hand Weapons
 g - a +0 whip
 Y - a +0 hand axe (weapon)
Armour
 b - a +0 leather armour (worn)
Potions
 e - 2 potions of curing
 h - a potion of lignification {unknown}

Dungeon Overview and Level Annotations

Branches:
Dungeon (2/15)

Altars:

Shops:
D:1 =

Annotations:
D:1 Terence


Message History

There is a stone staircase leading up here.
There are monsters nearby!
Existing waypoints: (2) D:1 Assign waypoint to what number? (0-9, D - delete waypoint) Waypoint 1 assigned to D:2.
Enter note:
918 ||| STAIRDANCE Terence closely misses you.
You climb upwards.
There is a stone staircase leading down here.
You barely miss Terence. Your peck misses Terence.
Terence hits you with a +0 flail!
You hit Terence but do no damage. You peck Terence, but do no damage.
Terence misses you.
You hit Terence. You peck Terence, but do no damage.
Terence is lightly wounded.
Terence closely misses you.
You hit Terence. You claw Terence.
Terence is moderately wounded.
Terence barely misses you.
You hit Terence. Your peck misses Terence.
Terence is moderately wounded.
Terence hits you with a +0 flail.
You hit Terence. You peck Terence, but do no damage.
Terence is heavily wounded.
Terence barely misses you.
You barely miss Terence. You peck Terence, but do no damage.
Terence is heavily wounded.
Terence closely misses you. x2
You hit Terence. You claw Terence, but do no damage.
You peck Terence, but do no damage.
Terence is heavily wounded.
Terence barely misses you.
You hit Terence. Your kick misses Terence.
Terence is severely wounded.
Terence bares his teeth.
Terence hits you with a +0 flail!
Ouch! That really hurt!
You die...

###### #####....#
##........########
...............@@#
...)..#'#........#
##)##.#.#..###########
...##.#.#.......#)...#
#####.#.#.#####.#.##.#
#####.#...# #...#.##.#
...##.#..## #.#...##.#
...#..#...# #.#.####.#
...#.#..#'# #.#....#.#


You could see Terence.

Vanquished Creatures
  A bat (D:1)
  An endoplasm (D:1)
  2 giant cockroaches (D:1)
  2 kobolds (D:1)
  A quokka (D:1)
  4 ball pythons (D:1)
  6 goblins (D:1)
  2 rats (D:1)
19 creatures vanquished.

Notes
Turn   | Place    | Note
-------+----------+-------------------------------------------
     0 | D:1      | qw the Tengu Warper began the quest for the Orb.
     0 | D:1      | Reached XP level 1. HP: 12/12 MP: 4/4
     0 | D:1      | 0 ||| qw: Version: 0.1-a-89-g26bdef1
     0 | D:1      | 0 ||| qw: Game counter: 1307
     0 | D:1      | 0 ||| qw: Always use a shield: true
     0 | D:1      | 0 ||| qw: God list: Okawaru
     0 | D:1      | 0 ||| qw: Allow faded altars: false
     0 | D:1      | 0 ||| qw: Do Orc after D:15 true
     0 | D:1      | 0 ||| qw: Do second Lair branch before Depths: true
     0 | D:1      | 0 ||| qw: Lair rune preference: random
     0 | D:1      | 0 ||| qw: Plans: Normal
     0 | D:1      | 0 ||| PLANNING D:1-11
    93 | D:1      | 93 ||| Stepping ~*~*~tactically~*~*~ (stealth).
    95 | D:1      | 95 ||| Stepping ~*~*~tactically~*~*~ (stealth).
   100 | D:1      | 100 ||| DROPPING +0 club.
   117 | D:1      | 117 ||| Stepping ~*~*~tactically~*~*~ (stealth).
   119 | D:1      | 119 ||| Stepping ~*~*~tactically~*~*~ (stealth).
   166 | D:1      | Reached XP level 2. HP: 17/17 MP: 6/6
   187 | D:1      | Reached skill level 3 in Axes
   206 | D:1      | Found Duruid's Jewellery Boutique.
   224 | D:1      | 224 ||| SHOPLISTING +4 ring of evasion (468 gold, have 10).
   224 | D:1      | 224 ||| SHOPLISTING +6 ring of dexterity (468 gold, have
                  | 10).
   224 | D:1      | 224 ||| SHOPLISTING amulet of guardian spirit (390 gold,
                  | have 10).
   224 | D:1      | 224 ||| SHOPLISTING ring "Qemurav" {Fire Str+2 Int+4} (579
                  | gold, have 10).
   224 | D:1      | 224 ||| SHOPLISTING ring of resist corrosion (260 gold,
                  | have 10).
   224 | D:1      | 224 ||| SHOPLISTING ring of willpower (325 gold, have 10).
   237 | D:1      | 237 ||| Stepping ~*~*~tactically~*~*~ (stealth).
   294 | D:1      | 294 ||| Stepping ~*~*~tactically~*~*~ (stealth).
   295 | D:1      | 295 ||| Stepping ~*~*~tactically~*~*~ (stealth).
   878 | D:1      | 878 ||| READING scroll labelled IFUOLI IMUQ.
   879 | D:1      | 879 ||| DRINKING 2 golden potions.
   880 | D:1      | 880 ||| DRINKING 3 grey potions.
   881 | D:1      | 881 ||| DROPPING scroll of blinking.
   882 | D:1      | 882 ||| DROPPING potion of attraction.
   915 | D:2      | Noticed Terence
   918 | D:2      | 918 ||| STAIRDANCE
   928 | D:1      | Mangled by Terence

Levels and vault maps discovered:
D:1:      minmay_arrival_doors, layout_basic, serial_shops, shop
D:2:      layout_basic, uniq_terence

Skill      XL: |  1  2 |
---------------+-------+-----
Axes           | 3 |  3.6
Fighting       | |  2.0
Throwing       | |  1.0
Armour         | |  1.1
Dodging        | |  2.1
Spellcasting   | |  2.0
Translocations | |  2.4

Action                   || total
-------------------------++-------
Melee: Hand axe          ||    46
       Peck              ||     7
       Kick              ||     8
Throw: Boomerang         ||     7
  Use: Potion            ||     2
       Scroll            ||     1
Armor: Leather armour    ||     5
Dodge: Dodged            ||    27

Table legend:
 A = Non-vault XP
 B = Vault XP
 C = Vault XP percentage of total XP
 D = Non-vault monster count
 E = Vault monster count
 F = Vault count percentage of total count
                 A         B        C        D         E       F
            +---------+---------+-------+---------+---------+-------
      Total |      32 |       0 |   0.0 |      19 |       0 |   0.0
            +---------+---------+-------+---------+---------+-------
        D:1 |      32 |       0 |   0.0 |      19 |       0 |   0.0
            +---------+---------+-------+---------+---------+-------
